| TOP OF THE 1ST |
|
Idaho Falls Chukars batting - Pitching for Salt Lake City Buzz : RHP Mike Oquist
|
|
Pitching: RHP Mike Oquist
|
|
|
Batting: LHB Dwight Smith
|
0-0: Ball 1-0: Called Strike 1-1: Fly out, F7 (Line Drive, 7, EV 108.8 MPH)
|
|
Batting: RHB Dax Jones
|
0-0: Called Strike 0-1: Swinging Strike 0-2: Strikes out swinging
|
|
Batting: LHB Rico Brogna
|
0-0: Ball 1-0: SINGLE (Line Drive, 7S, EV 100.0 MPH)
|
|
Batting: RHB Mark Lewis
|
0-0: Ball 1-0: Ball 2-0: Called Strike 2-1: Ball 3-1: Base on Balls Rico Brogna to second
|
|
Batting: SHB Marcus Jensen
|
0-0: Ball 1-0: Ball 2-0: Foul Ball, location: 2F 2-1: SINGLE (Line Drive, 78M, EV 85.6 MPH) Rico Brogna to third Mark Lewis to second Runner from 3rd tries for Home, SAFE, no throw by CF
|
|
Batting: LHB Darren Daulton
|
0-0: Ball 1-0: Ball 2-0: Fly out, F9 (Flyball, 9S, EV 70.6 MPH)
|
| Top of the 1st over - 1 run, 2 hits, 0 errors, 2 left on base; Idaho Falls 1 - Salt Lake City 0 |
| BOTTOM OF THE 1ST |
|
Salt Lake City Buzz batting - Pitching for Idaho Falls Chukars : RHP Rich Hunter
|
|
Pitching: RHP Rich Hunter
|
|
|
Batting: RHB Arquimedez Pozo
|
0-0: Called Strike 0-1: Called Strike 0-2: Ball 1-2: Ground out 4-3 (Groundball, 4, EV 103.8 MPH)
|
|
Batting: SHB Abraham O Nunez
|
0-0: Ball 1-0: Foul Ball, location: 2F 1-1: Ball 2-1: Ball 3-1: Base on Balls
|
|
Batting: RHB Jerome Walton
|
0-0: Ball 1-0: Fly out, F3 (Popup, 3SF, EV 75.0 MPH)
|
|
Batting: RHB Dave Staton
|
0-0: Ball 1-0: Ball 2-0: Swinging Strike 2-1: Foul Ball, location: 2F 2-2: Fly out, F9 (Flyball, 9, EV 92.5 MPH)
|
| Bottom of the 1st over - 0 runs, 0 hits, 0 errors, 1 left on base; Idaho Falls 1 - Salt Lake City 0 |
| TOP OF THE 2ND |
|
Idaho Falls Chukars batting - Pitching for Salt Lake City Buzz : RHP Mike Oquist
|
|
Batting: RHB Les Norman
|
0-0: Called Strike 0-1: Swinging Strike 0-2: Foul Ball, location: 2F 0-2: SINGLE (Groundball, 34D, EV 96.9 MPH)
|
|
Batting: RHB Dave Hajek
|
0-0: Ball 1-0: Ball 2-0: Called Strike 2-1: Foul Ball, location: 2F Pickoff Throw to First - Out! 1-3 2-2: Strikes out swinging
|
|
Batting: RHB Takahiro Suzuki
|
0-0: Ball 1-0: Ball 2-0: Fly out, F9 (Flyball, 9S, EV 92.5 MPH)
|
| Top of the 2nd over - 0 runs, 1 hit, 0 errors, 0 left on base; Idaho Falls 1 - Salt Lake City 0 |
| BOTTOM OF THE 2ND |
|
Salt Lake City Buzz batting - Pitching for Idaho Falls Chukars : RHP Rich Hunter
|
|
Batting: RHB Brian Johnson
|
0-0: Ball 1-0: Ground out 5-3 (Groundball, 56, EV 87.5 MPH)
|
|
Batting: RHB Emil Brown
|
0-0: Foul Ball, location: 2F 0-1: Ball 1-1: Fly out, F2 (Popup, 25F, EV 84.4 MPH)
|
|
Batting: RHB Jose Oliva
|
0-0: Called Strike 0-1: Ball 1-1: Ground out 6-3 (Groundball, 6, EV 92.5 MPH)
|
| Bottom of the 2nd over - 0 runs, 0 hits, 0 errors, 0 left on base; Idaho Falls 1 - Salt Lake City 0 |
| TOP OF THE 3RD |
|
Idaho Falls Chukars batting - Pitching for Salt Lake City Buzz : RHP Mike Oquist
|
|
Batting: LHB Dwight Smith
|
0-0: Ball 1-0: SINGLE (Line Drive, 7S, EV 105.0 MPH)
|
|
Batting: RHB Dax Jones
|
0-0: Foul Ball, location: 2F 0-1: Foul Ball, location: 2F 0-2: Foul Ball, location: 2F 0-2: Ball 1-2: Foul Ball, location: 2F 1-2: Ball 2-2: Fielders Choice at 2nd, 4-6 (Groundball, 34, EV 102.5 MPH)
|
|
Batting: LHB Rico Brogna
|
0-0: Ball 1-0: Fly out, F8 (Flyball, 8RS, EV 92.5 MPH)
|
|
Batting: RHB Mark Lewis
|
0-0: Ground out 4-3 (Groundball, 34, EV 83.1 MPH)
|
| Top of the 3rd over - 0 runs, 1 hit, 0 errors, 1 left on base; Idaho Falls 1 - Salt Lake City 0 |
| BOTTOM OF THE 3RD |
|
Salt Lake City Buzz batting - Pitching for Idaho Falls Chukars : RHP Rich Hunter
|
|
Batting: SHB Reggie B. Williams
|
0-0: Called Strike 0-1: Ball 1-1: Ball 2-1: Called Strike 2-2: Ball 3-2: SINGLE (Flyball, 78S, EV 88.1 MPH)
|
|
Batting: RHB Charlie Greene
|
0-0: Ball 1-0: Ball 2-0: Called Strike 2-1: Foul Ball, location: 2F 2-2: Ball Wild Pitch! Reggie B. Williams to second 3-2: Base on Balls
|
|
Batting: RHB Arquimedez Pozo
|
0-0: Fly out, F9 (Flyball, 9LS, EV 89.4 MPH)
|
|
Batting: SHB Abraham O Nunez
|
0-0: Ball 1-0: Ball 2-0: Ball 3-0: Base on Balls Reggie B. Williams to third Charlie Greene to second
|
|
Batting: RHB Jerome Walton
|
0-0: Foul Ball, location: 2F 0-1: Ball 1-1: Fly out, F8 (Line Drive, 8LM, EV 90.6 MPH) Runner from 3rd tags up, OUT at HOME! 8-2
|
| Bottom of the 3rd over - 0 runs, 1 hit, 0 errors, 2 left on base; Idaho Falls 1 - Salt Lake City 0 |
| TOP OF THE 4TH |
|
Idaho Falls Chukars batting - Pitching for Salt Lake City Buzz : RHP Mike Oquist
|
|
Batting: SHB Marcus Jensen
|
0-0: Ball 1-0: Called Strike 1-1: Ball 2-1: Fly out, F8 (Line Drive, 8LM, EV 106.9 MPH)
|
|
Batting: LHB Darren Daulton
|
0-0: Ground out 4-3 (Groundball, 34, EV 92.5 MPH)
|
|
Batting: RHB Les Norman
|
0-0: Ball 1-0: Called Strike 1-1: Ball 2-1: Called Strike 2-2: Ground out 4-3 (Groundball, 4, EV 79.4 MPH)
|
| Top of the 4th over - 0 runs, 0 hits, 0 errors, 0 left on base; Idaho Falls 1 - Salt Lake City 0 |
| BOTTOM OF THE 4TH |
|
Salt Lake City Buzz batting - Pitching for Idaho Falls Chukars : RHP Rich Hunter
|
|
Batting: RHB Dave Staton
|
0-0: Foul Ball, location: 2F 0-1: Ball 1-1: Foul Ball, location: 2F 1-2: Foul Ball, location: 2F 1-2: SOLO HOME RUN (Flyball, 89XD, EV 96.9 MPH), Distance : 414 ft
|
|
Batting: RHB Brian Johnson
|
0-0: Ball 1-0: Ball 2-0: Swinging Strike 2-1: Called Strike 2-2: Ground out 4-3 (Groundball, 4, EV 80.0 MPH)
|
|
Batting: RHB Emil Brown
|
0-0: Ball 1-0: Called Strike 1-1: Fly out, F9 (Flyball, 89S, EV 88.8 MPH)
|
|
Batting: RHB Jose Oliva
|
0-0: Fly out, F2 (Popup, 25F, EV 88.8 MPH)
|
| Bottom of the 4th over - 1 run, 1 hit, 0 errors, 0 left on base; Idaho Falls 1 - Salt Lake City 1 |
| TOP OF THE 5TH |
|
Idaho Falls Chukars batting - Pitching for Salt Lake City Buzz : RHP Mike Oquist
|
|
Batting: RHB Dave Hajek
|
0-0: Ball 1-0: Called Strike 1-1: Swinging Strike 1-2: Ball 2-2: Ball 3-2: Ground out 1-3 (Groundball, 25, EV 89.4 MPH)
|
|
Batting: RHB Takahiro Suzuki
|
0-0: Fly out, F8 (Line Drive, 8LM, EV 93.8 MPH)
|
|
Batting: LHB Dwight Smith
|
0-0: Ball 1-0: Ball 2-0: Foul Ball, location: 2F 2-1: Ball 3-1: Base on Balls
|
|
Batting: RHB Dax Jones
|
0-0: Called Strike 0-1: Ground out 1-3 (Groundball, 34S, EV 65.0 MPH)
|
| Top of the 5th over - 0 runs, 0 hits, 0 errors, 1 left on base; Idaho Falls 1 - Salt Lake City 1 |
| BOTTOM OF THE 5TH |
|
Salt Lake City Buzz batting - Pitching for Idaho Falls Chukars : RHP Rich Hunter
|
|
Batting: SHB Reggie B. Williams
|
0-0: Ball 1-0: DOUBLE (Groundball, 5L, EV 95.0 MPH)
|
|
Batting: RHB Charlie Greene
|
0-0: Called Strike 0-1: Ball 1-1: Ball 2-1: Ball 3-1: Swinging Strike 3-2: Ground out 6-3 (Groundball, 6, EV 85.0 MPH)
|
|
Batting: RHB Arquimedez Pozo
|
0-0: Ground out 4-3 (Groundball, 4, EV 84.4 MPH) Reggie B. Williams to third
|
|
Batting: SHB Abraham O Nunez
|
0-0: Called Strike 0-1: Ball 1-1: Called Strike 1-2: Strikes out looking
|
| Bottom of the 5th over - 0 runs, 1 hit, 0 errors, 1 left on base; Idaho Falls 1 - Salt Lake City 1 |
| TOP OF THE 6TH |
|
Idaho Falls Chukars batting - Pitching for Salt Lake City Buzz : RHP Mike Oquist
|
|
Batting: LHB Rico Brogna
|
0-0: Swinging Strike 0-1: Ball 1-1: Called Strike 1-2: Foul Ball, location: 2F 1-2: Ball 2-2: Foul Ball, location: 2F 2-2: Ball 3-2: Fly out, F8 (Flyball, 89S, EV 88.8 MPH)
|
|
Batting: RHB Mark Lewis
|
0-0: Ball 1-0: Foul Ball, location: 2F 1-1: Foul Ball, location: 2F 1-2: SINGLE (Groundball, 13S, EV 64.4 MPH) (infield hit)
|
|
Batting: SHB Marcus Jensen
|
0-0: Ball 1-0: Foul Ball, location: 2F 1-1: Ball 2-1: Ball 3-1: Ground out U3 (Groundball, 34S, EV 66.3 MPH) Mark Lewis to second
|
|
Pitching: RHP Mark Acre
|
|
|
Batting: LHB Darren Daulton
|
0-0: Called Strike 0-1: Called Strike 0-2: Ball 1-2: Foul Ball, location: 2F 1-2: Foul Ball, location: 2F 1-2: Ball 2-2: Ball 3-2: Base on Balls
|
|
Batting: RHB Les Norman
|
0-0: Ball 1-0: SINGLE (Line Drive, 4D, EV 102.5 MPH) Mark Lewis to third Darren Daulton to second Runner from 3rd tries for Home, SAFE, no throw by CF
|
|
Batting: RHB Dave Hajek
|
0-0: Ball 1-0: Swinging Strike 1-1: Fly out, F6 (Line Drive, 6, EV 68.1 MPH)
|
| Top of the 6th over - 1 run, 2 hits, 0 errors, 2 left on base; Idaho Falls 2 - Salt Lake City 1 |
| BOTTOM OF THE 6TH |
|
Salt Lake City Buzz batting - Pitching for Idaho Falls Chukars : RHP Rich Hunter
|
|
Batting: RHB Jerome Walton
|
0-0: DOUBLE (Groundball, 5L, EV 103.8 MPH)
|
|
Pinch Runner at 2nd Shane Andrews:
|
|
|
Batting: RHB Dave Staton
|
0-0: Ball 1-0: 2-RUN HOME RUN (Flyball, 78XD, EV 109.4 MPH), Distance : 396 ft
|
|
Batting: RHB Brian Johnson
|
0-0: Called Strike 0-1: Fly out, F7 (Flyball, 7S, EV 90.6 MPH)
|
|
Batting: RHB Emil Brown
|
0-0: Ball 1-0: Ball 2-0: Called Strike 2-1: SINGLE (Line Drive, 7S, EV 93.1 MPH)
|
|
Batting: RHB Jose Oliva
|
0-0: Swinging Strike 0-1: Fly out, F9 (Flyball, 9S, EV 86.3 MPH)
|
|
Batting: SHB Reggie B. Williams
|
0-0: Foul Ball, location: 2F 0-1: Ball Wild Pitch! Emil Brown to second 1-1: Ball 2-1: Ball 3-1: Base on Balls
|
|
Batting: RHB Charlie Greene
|
0-0: Foul Ball, location: 2F 0-1: Called Strike 0-2: Ball 1-2: Ball 2-2: Fly out, F9 (Flyball, 9S, EV 83.1 MPH)
|
| Bottom of the 6th over - 2 runs, 3 hits, 0 errors, 2 left on base; Idaho Falls 2 - Salt Lake City 3 |
| TOP OF THE 7TH |
|
Idaho Falls Chukars batting - Pitching for Salt Lake City Buzz : RHP Mark Acre
|
|
Now in LF: Robin Jennings
|
|
|
Batting: RHB Takahiro Suzuki
|
0-0: Swinging Strike 0-1: Swinging Strike 0-2: Ball 1-2: Ball 2-2: Ball 3-2: Strikes out looking
|
|
Batting: LHB Dwight Smith
|
0-0: Swinging Strike 0-1: Ball 1-1: Ball 2-1: Ground out 6-3 (Groundball, 4MS, EV 86.3 MPH)
|
|
Batting: RHB Dax Jones
|
0-0: Fly out, F6 (Popup, 6MS, EV 78.1 MPH)
|
| Top of the 7th over - 0 runs, 0 hits, 0 errors, 0 left on base; Idaho Falls 2 - Salt Lake City 3 |
| BOTTOM OF THE 7TH |
|
Salt Lake City Buzz batting - Pitching for Idaho Falls Chukars : RHP Rich Hunter
|
|
Batting: RHB Arquimedez Pozo
|
0-0: Ball 1-0: Called Strike 1-1: Foul Ball, location: 2F 1-2: Foul Ball, location: 2F 1-2: Foul Ball, location: 2F 1-2: Ball 2-2: Foul Ball, location: 2F 2-2: Foul Ball, location: 2F 2-2: Strikes out looking
|
|
Batting: SHB Abraham O Nunez
|
0-0: SINGLE (Groundball, 34D, EV 99.4 MPH)
|
|
Batting: LHB Robin Jennings
|
0-0: Swinging Strike 0-1: Ball 1-1: Ball 2-1: Ball 3-1: Swinging Strike 3-2: Fly out, F9 (Flyball, 89D, EV 106.3 MPH)
|
|
Pitching: RHP Steve Falteisek
|
|
|
Batting: RHB Dave Staton
|
0-0: Called Strike 0-1: Ball 1-1: Ball 2-1: Ball 3-1: Foul Ball, location: 2F 3-2: Foul Ball, location: 2F 3-2: Foul Ball, location: 2F 3-2: Foul Ball, location: 2F 3-2: SINGLE (Groundball, 4MD, EV 94.4 MPH) Abraham O Nunez to second Abraham O Nunez to third
|
|
Batting: RHB Brian Johnson
|
0-0: Fly out, F6 (Popup, P, EV 75.0 MPH)
|
| Bottom of the 7th over - 0 runs, 2 hits, 0 errors, 2 left on base; Idaho Falls 2 - Salt Lake City 3 |
| TOP OF THE 8TH |
|
Idaho Falls Chukars batting - Pitching for Salt Lake City Buzz : RHP Mark Acre
|
|
Batting: LHB Rico Brogna
|
0-0: Called Strike 0-1: Ball 1-1: Called Strike 1-2: SINGLE (Flyball, 8RS, EV 95.0 MPH)
|
|
Pitching: RHP Donnie Elliott
|
|
|
Batting: RHB Mark Lewis
|
0-0: Ball 1-0: Ball 2-0: Foul Ball, location: 2F 2-1: Ball 3-1: Base on Balls Rico Brogna to second
|
|
Batting: SHB Marcus Jensen
|
0-0: Ball 1-0: Ball Wild Pitch! Rico Brogna to third Mark Lewis to second 2-0: Foul Ball, location: 2F 2-1: Ball 3-1: Foul Ball, location: 2F 3-2: Fly out, F8 (Flyball, 78S, EV 71.3 MPH)
|
|
Batting: LHB Darren Daulton
|
0-0: Fly out, F7 (Flyball, 7S, EV 87.5 MPH)
|
|
Batting: RHB Les Norman
|
0-0: Ball 1-0: Ball 2-0: Ball 3-0: Called Strike 3-1: Base on Balls
|
|
Batting: RHB Dave Hajek
|
0-0: Ball 1-0: Ball 2-0: Swinging Strike 2-1: Swinging Strike 2-2: Foul Ball, location: 2F 2-2: Strikes out swinging
|
| Top of the 8th over - 0 runs, 1 hit, 0 errors, 3 left on base; Idaho Falls 2 - Salt Lake City 3 |
| BOTTOM OF THE 8TH |
|
Salt Lake City Buzz batting - Pitching for Idaho Falls Chukars : RHP Steve Falteisek
|
|
Batting: RHB Emil Brown
|
0-0: Called Strike 0-1: Foul Ball, location: 2F 0-2: Foul Ball, location: 2F 0-2: Foul Ball, location: 2F 0-2: Foul Ball, location: 2F 0-2: Hit by Pitch
|
|
Pitching: RHP Bill Sampen
|
|
|
Batting: RHB Jose Oliva
|
0-0: Called Strike 0-1: Called Strike 0-2: Foul Ball, location: 2F 0-2: Strikes out swinging
|
|
Batting: SHB Reggie B. Williams
|
0-0: Called Strike 0-1: Swinging Strike 0-2: Ball 1-2: Strikes out looking
|
|
Batting: RHB Charlie Greene
|
0-0: Called Strike 0-1: Called Strike 0-2: Ball 1-2: Foul Ball, location: 2F 1-2: Strikes out swinging
|
| Bottom of the 8th over - 0 runs, 0 hits, 0 errors, 1 left on base; Idaho Falls 2 - Salt Lake City 3 |
| TOP OF THE 9TH |
|
Idaho Falls Chukars batting - Pitching for Salt Lake City Buzz : RHP Donnie Elliott
|
|
Pinch Hitting: RHB Damian Miller
|
0-0: Swinging Strike 0-1: Called Strike 0-2: Ball 1-2: Ground out 5-3 (Groundball, 5S, EV 83.8 MPH)
|
|
Batting: LHB Dwight Smith
|
0-0: Called Strike 0-1: Foul Ball, location: 2F 0-2: Ground out U3 (Groundball, 3L, EV 86.3 MPH)
|
|
Batting: RHB Dax Jones
|
0-0: Foul Ball, location: 2F 0-1: Swinging Strike 0-2: Ball 1-2: Ball 2-2: Ground out 5-3 (Groundball, 5, EV 92.5 MPH)
|
| Top of the 9th over - 0 runs, 0 hits, 0 errors, 0 left on base; Idaho Falls 2 - Salt Lake City 3 |
|